 Dungeon Crawl Stone Soup version 0.24.0-13-gcf9b3192b9 (webtiles) character file.

Game seed: 1662291720850199931, levelgen mode: deterministic

141 Froggeryz the Ruffian (level 5, -3/32 HPs)
             Began as a Gargoyle Monk on Nov 8, 2019.
             Slain by Crazy Yiuf
             ... wielding a +4 quarterstaff of chaos
              (8 damage)
             ... on level 3 of the Dungeon.
             The game lasted 00:03:11 (2968 turns).

Froggeryz the Ruffian (Gargoyle Monk)               Turns: 2968, Time: 00:03:11

Health: -3/32      AC:  8    Str: 13 (15) XL:     5   Next: 24%
Magic:  5/5        EV: 12    Int:  8 (11) God:
Gold:   90         SH:  4    Dex: 10 (12) Spells: 4/4 levels left

rFire    . . .     SeeInvis .     - Unarmed
rCold    . . .     Gourm    .   n - +0 buckler
rNeg     + . .     Faith    .   a - +0 robe
rPois    ∞         Spirit   .   (no helmet)
rElec    +         Reflect  .   (no cloak)
rCorr    .         Harm     .   g - +0 pair of gloves
MR       .....                  k - +0 pair of boots
Stlth    ++........             (no amulet)
HPRegen  0.10/turn              (no ring)
MPRegen  0.09/turn              (no ring)

@: very slightly contaminated, slowed, very slow
A: negative energy resistance 1, electricity resistance, unbreathing,
petrification resistance, rot immunity, AC +4
a: no special abilities


You were on level 3 of the Dungeon.
You were near starving.

You visited 1 branch of the dungeon, and saw 3 of its levels.

You collected 90 gold pieces.

Inventory:

Armour
 a - a +0 robe (worn)
 e - a +0 large shield
 g - a +0 pair of gloves (worn)
 k - a +0 pair of boots (worn)
 n - a +0 buckler (worn)
Scrolls
 c - 9 scrolls of teleportation {unknown}
 h - 2 scrolls of magic mapping {unknown}
 i - 2 scrolls of fog {unknown}
 l - a scroll of enchant armour {unknown}
 m - a scroll of remove curse {unknown}
 o - a scroll of blinking {unknown}
 q - a scroll of immolation {unknown}
Comestibles
 b - 6 rations


   Skills:
 - Level 3.2 Fighting
 - Level 2.4 Dodging
 - Level 2.1 Stealth
 + Level 3.5 Shields
 - Level 4.6 Unarmed Combat


You had 4 spell levels left.
You didn't know any spells.
Your spell library was empty.

Dungeon Overview and Level Annotations

Branches:
Dungeon (3/15)

Altars:
Ashenzari
Dithmenos
Fedhas
Trog

Annotations:
D:3 Crazy Yiuf


Innate Abilities, Weirdness & Mutations

You are resistant to torment.
Your stone body is resilient. (AC +4)
You are immune to poison.
You resist negative energy. (rN+)
You are resistant to electric shocks. (rElec)
You can survive without breathing.
You are immune to petrification.
You are immune to rotting.


Message History

You feel less wooden.
Your +0 pair of gloves unmelds from your body.
Your +0 pair of boots unmelds from your body.
Your +0 robe unmelds from your body.
You flicker back into view.
Crazy Yiuf hits you but does no damage. Space warps horribly around you!
Ouch! That really hurt!
You closely miss Crazy Yiuf.
Crazy Yiuf is severely wounded.
Crazy Yiuf grits, "Hah alas aubergine!"
Crazy Yiuf hits you with a +4 quarterstaff of chaos!
* * * LOW HITPOINT WARNING * * *
You block Crazy Yiuf's attack.
You hit Crazy Yiuf.
Crazy Yiuf is almost dead.
Crazy Yiuf misses you.
You closely miss Crazy Yiuf.
Crazy Yiuf is almost dead.
Crazy Yiuf hits you with a +4 quarterstaff of chaos!
You die...

#.###....# #.. #### #.# #....#
#.# ...#######.# ♣....♣ #.#
##.#.......# ♣...♣♣ #.#
#.#.####### ♣♣.♣♣ #.#
##.#.####### ♣.♣♣ #..
...........# ♣♣.♣ #..
...#...###.# ♣.♣♣ #.. #..#.#.#
#.# ♣♣@♣ #.. .....#.# #.# #g# #..
...#>#.###.# ... ##########..
...........# #...# #..(........
##.#...###.# #..)# #####.####..
#.#.....(.# ##### #####.####.#
##.#.#.....# #..........#
.....#.#################....#####
...#.#.# #............).....#


You could see Crazy Yiuf.

Vanquished Creatures
  An orc wizard (D:3)
  4 adders
  3 worms (D:2)
  A dart slug (D:3)
  2 leopard geckos
  3 orcs (D:3)
  9 bats
  2 giant cockroaches
  10 goblins
  10 hobgoblins
  6 frilled lizards
  3 kobolds
  8 rats
62 creatures vanquished.

Notes
Turn   | Place    | Note
-------+----------+-------------------------------------------
     0 | D:1      | Froggeryz the Gargoyle Monk began the quest for the Orb.
     0 | D:1      | Reached XP level 1. HP: 14/14 MP: 1/1
   198 | D:1      | Reached XP level 2. HP: 17/19 MP: 2/2
   486 | D:1      | Reached skill level 1 in Shields
   851 | D:2      | Reached XP level 3. HP: 18/23 MP: 3/3
   857 | D:2      | Reached skill level 4 in Unarmed Combat
  1066 | D:2      | Found a shattered altar of Ashenzari.
  1527 | D:2      | Found a bloodstained altar of Trog.
  1617 | D:2      | Reached XP level 4. HP: 26/28 MP: 4/4
  1840 | D:3      | Found a shadowy altar of Dithmenos.
  2281 | D:3      | Found a runed translucent door.
  2282 | D:3      | Noticed Crazy Yiuf
  2365 | D:3      | Reached XP level 5. HP: 19/32 MP: 5/5
  2546 | D:3      | Found a blossoming altar of Fedhas.
  2968 | D:3      | Slain by Crazy Yiuf

Levels and vault maps discovered:
D:1:      wander_arrival_fairy_ring, layout_basic
D:2:      layout_loops_ring, grunt_temple_overflow_cloverleaf,
          lightli_temple_of_fire, minmay_misc_feat_cross, ashenzari_altar_1
D:3:      layout_basic, lemuel_doored_altar, nicolae_overflow_hidden_temple,
          first_ration, minmay_strange_pillars, uniq_crazy_yiuf_cottage

Skill      XL: |  1  2  3  4 |
---------------+-------------+-----
Shields        | 1 3 |  3.5
Unarmed Combat | 4 |  4.6
Fighting       | |  3.2
Dodging        | |  2.4
Stealth        | |  2.1

Action                   |  1- 3 |  4- 6 || total
-------------------------+-------+-------++-------
Melee: Unarmed           |   130 |   133 ||   263
       Punch             |     3 |       ||     3
  Use: Potion            |       |     4 ||     4
 Stab: Sleeping          |     6 |       ||     6
       Invisible         |       |     1 ||     1
  Eat: Chunk             |     2 |     3 ||     5
Armor: Robe              |    31 |    63 ||    94
       Skin              |       |     2 ||     2
Dodge: Dodged            |    64 |    73 ||   137
Block: Buckler           |       |    12 ||    12
